[Event "Team 45 45 League T67"]
[Site "Internet Chess Club"]
[Date "2016.01.10"]
[Round "5"]
[White "SAC2001"]
[Black "room-matt"]
[Result "1-0"]
[WhiteElo "1926"]
[BlackElo "1812"]
[Opening "Ruy Lopez: fianchetto (Smyslov/Barnes) defense"]
[ECO "C60"]
[Time "12:04:07"]
[TimeControl "2700+45"]

1. e4 e5 2. Nf3 Nc6 3. Bb5 g6 4. O-O Bg7 5. d3 d6 6. Nc3 Nf6 7. Bg5 Be6 8. h3
O-O 9. Qd2 a6 10. Ba4 Qc8 11. Bh6 Ne8 12. Bxg7 Nxg7 13. Kh2 f5 14. Ng5 Nd4 15.
Nxe6 Ngxe6 16. Nd5 Qd8 17. c3 c6 18. cxd4 cxd5 19. dxe5 Nc5 20. Bb3 Nxb3 21.
axb3 dxe5 22. exd5 Qxd5 23. Ra5 Qd6 24. Kg1 Rfe8 25. b4 b6 26. Raa1 b5 27. Rac1
Rad8 28. Rfd1 Rd7 29. Qc3 Red8 30. Re1 Re7 31. Rcd1 Qd4 32. Re3 Rde8 33. Rde1
Qd6 34. Qb3+ Kg7 35. Qc3 Rc7 36. Qb3 Qd4 37. Qa3 Re6 38. b3 Rc2 39. Qa5 Qf4 40.
Rf3 Qd2 41. Rf1 Kh6 42. Qd8 Qxb4 43. Qd5 Re7 44. Qd8 Kh5 45. Qf8 Qd6 46. g4+
fxg4 47. Rf7 gxh3 48. Qxe7 Qd5 49. Rxh7+ Kg4 50. Qh4+ Kf5 51. Qxh3+ Kf6 52. Qh4+
Kf5 53. Rh8 Qc5 54. Qe4+ Kg5 55. Qe3+ Qxe3 56. fxe3 Rd2 57. Re8 Rxd3 58. Rxe5+
Kh6 59. Re6 Rxb3 60. Rxa6 Rxe3 61. Rb6 Rb3 62. Rff6 Rg3+ 63. Kf2 Rg5 64. Kf3 Kh5
65. Rb7 Rc5 66. Rfb6 Rc3+ 67. Ke2 g5 68. Rxb5 Rc2+ 69. Kf3 Rc3+ 70. Ke2 Rc2+ 71.
Kd3 Rc6 72. Rf5 Kg4 73. Rbb5 Rg6 74. Ke3 Rg8 75. Kf2 Rg6 76. Kg2 Rg8 77. Rf7 Rg6
78. Rb4+ Kh5 79. Rh7+ Rh6 80. Rxh6+ Kxh6 81. Kh3 Kg6 82. Kg4 Kf6 83. Rb6+ {Black
resigns} 1-0

[Event "Team 45 45 League T67"]
[Site "Internet Chess Club"]
[Date "2016.01.09"]
[Round "5"]
[White "xt"]
[Black "AH2012"]
[Result "1/2-1/2"]
[WhiteElo "1795"]
[BlackElo "1735"]
[Opening "Giuoco Piano: four knights variation"]
[ECO "C26"]
[Time "18:01:36"]
[TimeControl "2700+45"]

1. e4 e5 2. Bc4 Nf6 3. Nc3 Bc5 4. Nf3 Nc6 5. O-O d6 6. d3 Bg4 7. Be3 Nd4 8. Bxd4
Bxd4 9. h3 Bh5 10. Rb1 Qd7 11. Nd5 Nxd5 12. Bxd5 c6 13. Bb3 O-O 14. c3 Bb6 15.
Qe2 Rfe8 16. Bd1 d5 17. Qc2 Bc7 18. Nd2 Bxd1 19. Rbxd1 Re6 20. Nb3 Rg6 21. Kh2
Bd8 {Game drawn by mutual agreement} 1/2-1/2

[Event "Team 45 45 League T67"]
[Site "Internet Chess Club"]
[Date "2016.01.09"]
[Round "5"]
[White "fledermaus"]
[Black "chess09"]
[Result "1-0"]
[WhiteElo "1919"]
[BlackElo "1853"]
[Opening "English: symmetrical variation"]
[ECO "A37"]
[Time "17:00:45"]
[TimeControl "2700+45"]

1. Nf3 c5 2. c4 Nc6 3. Nc3 g6 4. g3 Bg7 5. Bg2 e6 6. O-O Nge7 7. e3 O-O 8. d4
cxd4 9. Nxd4 Nxd4 10. exd4 d5 11. cxd5 Nxd5 12. Nxd5 exd5 13. Qb3 Bxd4 14. Bh6
Re8 15. Bxd5 Qf6 16. Be3 Be6 17. Bxd4 Qxd4 18. Bxe6 fxe6 19. Rfd1 Qg7 20. Rd6
Qf7 21. Re1 e5 22. Qxf7+ Kxf7 23. Rd7+ Re7 24. Rxe7+ Kxe7 25. Rxe5+ Kd6 26. f4
Rc8 27. Re2 Rc1+ 28. Kf2 Ra1 29. a3 Rb1 30. Ke3 Kd5 31. Kd3 h6 32. Kc2 Rh1 33.
Kc3 b6 34. Re5+ Kd6 35. Re2 Kd5 36. Re5+ Kd6 37. h4 Rc1+ 38. Kb3 Rg1 39. Re3 Kd5
40. Kb4 Kd4 41. Rc3 Rb1 42. Kb3 Rg1 43. Ka4 a6 44. Rb3 Kc5 45. Re3 Kd5 46. h5
gxh5 47. Re5+ Kd4 48. Rxh5 Rxg3 49. Rxh6 b5+ 50. Kb4 a5+ 51. Kxb5 Rb3+ 52. Kxa5
Rxb2 53. Rb6 Ra2 54. a4 Kc5 55. f5 Rf2 56. Ka6 Kc4 57. f6 Kc5 58. a5 Rh2 59. f7
Rf2 60. Rb7 Kc6 61. Ka7 Rf5 62. a6 Rf1 63. Kb8 {Black resigns} 1-0

[Event "Team 45 45 League T67"]
[Site "Internet Chess Club"]
[Date "2016.01.09"]
[Round "5"]
[White "fkramer"]
[Black "Invicta-Knight"]
[Result "0-1"]
[WhiteElo "1751"]
[BlackElo "1619"]
[Opening "Queen's pawn game"]
[ECO "A45"]
[Time "08:08:00"]
[TimeControl "2700+45"]

1. d4 Nf6 2. c3 g6 3. Nf3 Bg7 4. Bf4 O-O 5. h3 d6 6. e3 b6 7. Bc4 Bb7 8. O-O Nc6
9. Nbd2 Na5 10. Be2 c5 11. dxc5 bxc5 12. Rb1 Rb8 13. b4 cxb4 14. cxb4 Nc6 15. b5
Na5 16. a4 Nd5 17. Rc1 Nc3 18. Qe1 Nxa4 19. Nc4 Nb3 20. Rb1 Nbc5 21. Bh2 Be4 22.
Rc1 Nd3 23. Qd2 Nxc1 24. Rxc1 Rxb5 25. Nd4 Rg5 26. f3 Bd5 27. e4 Bxc4 28. Rxc4
Nb6 29. Qxg5 Nxc4 30. Bxc4 Bxd4+ 31. Kh1 Qb6 32. Bd3 Qc5 33. Qd2 Qc3 34. Qd1 Qa1
35. Qxa1 Bxa1 36. Bf4 Rc8 37. Ba6 Rb8 38. Kh2 Be5 39. Bxe5 dxe5 40. Kg3 Rb6 41.
Bc8 a5 {White resigns} 0-1

[Event "Team 45 45 League T67"]
[Site "Internet Chess Club"]
[Date "2016.01.10"]
[Round "5"]
[White "parrot9"]
[Black "cayo89"]
[Result "1/2-1/2"]
[WhiteElo "1683"]
[BlackElo "1613"]
[Opening "King's gambit"]
[ECO "C30"]
[Time "08:59:36"]
[TimeControl "2700+45"]

1. e4 e5 2. f4 d6 3. Nf3 Nc6 4. Bc4 Nf6 5. d3 Be7 6. O-O O-O 7. c3 Na5 8. fxe5
Ng4 9. Bb5 Nxe5 10. d4 Ng6 11. Be3 Nc6 12. Nbd2 f5 13. Bc4+ Kh8 14. Qc2 fxe4 15.
Qxe4 Bf6 16. Qc2 d5 17. Bd3 Qe8 18. Rae1 Qf7 19. Ng5 Qg8 20. Bxg6 hxg6 21. Qxg6
Bxg5 22. Qh5+ Bh6 23. Bxh6 Rxf1+ 24. Rxf1 g6 25. Qh4 Bf5 26. Bf4+ Qh7 27. Qxh7+
Kxh7 28. Bxc7 Re8 29. Kf2 Re7 30. Bg3 b5 31. a3 a5 32. Re1 Rb7 33. Nf3 b4 34.
Ne5 bxa3 35. bxa3 Rb2+ 36. Re2 Rb6 37. Nxc6 Rxc6 38. Re7+ Kh6 39. Ra7 Rxc3 40.
Rxa5 Rc2+ 41. Ke3 Be4 42. Bf4+ g5 43. Ra6+ Kh5 44. Be5 Rxg2 45. a4 Ra2 46. Ra8
Kg4 47. a5 Ra3+ 48. Kd2 Bd3 49. Ra7 Bc4 50. Kc2 Kf5 51. Ra8 {Game drawn by
mutual agreement} 1/2-1/2

[Event "Team 45 45 League T67"]
[Site "Internet Chess Club"]
[Date "2016.01.07"]
[Round "5"]
[White "MikeTtheGuru"]
[Black "Bluecat"]
[Result "1/2-1/2"]
[WhiteElo "2031"]
[BlackElo "1865"]
[Opening "English: symmetrical, Rubinstein system"]
[ECO "A34"]
[Time "14:06:38"]
[TimeControl "2700+45"]

1. c4 c5 2. Nc3 Nf6 3. g3 d5 4. cxd5 Nxd5 5. Bg2 Nc7 6. Qb3 Nc6 7. Bxc6+ bxc6 8.
Qa4 Qd6 9. Nf3 e6 10. d3 Nd5 11. Nxd5 exd5 12. Bf4 Qe6 13. O-O Be7 14. e4 O-O
15. Rfe1 Bf6 16. Qa3 Qh3 17. Kh1 Qh5 18. Ng1 Bd4 19. Bd6 Bxf2 20. Bxf8 Bg4 21.
Kg2 Bxe1 22. Rxe1 Rxf8 23. Qxc5 dxe4 24. Qxh5 Bxh5 25. dxe4 Rd8 26. Nf3 f6 {Game
drawn by mutual agreement} 1/2-1/2

[Event "Team 45 45 League T67"]
[Site "Internet Chess Club"]
[Date "2016.01.09"]
[Round "5"]
[White "roji"]
[Black "jjimalo"]
[Result "1/2-1/2"]
[WhiteElo "1810"]
[BlackElo "1864"]
[Opening "Sicilian"]
[ECO "B50"]
[Time "06:38:08"]
[TimeControl "2700+45"]

1. e4 c5 2. Nf3 d6 3. c4 Nf6 4. Nc3 Nc6 5. d4 cxd4 6. Nxd4 g6 7. Be3 Bg7 8. Be2
O-O 9. O-O Nxd4 10. Bxd4 Be6 11. Rc1 Qa5 12. f4 Rfc8 13. b3 Rab8 14. Bf3 a6 15.
e5 Ne8 16. Bd5 b5 17. Ba7 bxc4 18. Bxb8 Rxb8 19. bxc4 dxe5 20. fxe5 Bxe5 21.
Bxe6 fxe6 22. Qf3 Qc5+ 23. Kh1 Nd6 24. Ne4 Nxe4 25. Qxe4 Kg7 26. Rce1 Bf6 27.
Qxe6 Rb2 28. Re2 Rb4 29. Rc2 a5 30. h3 a4 31. Qd5 Qxd5 32. cxd5 Rd4 33. a3 Rxd5
34. Rc4 Rd3 35. Rxa4 Bb2 36. Rf3 Rd1+ 37. Kh2 Be5+ 38. g3 Rd2+ 39. Kg1 Bd4+ 40.
Kf1 e5 41. Ra6 e4 42. Rf4 e3 43. Re4 Rf2+ 44. Ke1 Bc3+ 45. Kd1 Rd2+ 46. Kc1 e2
47. Rc6 Ba5 48. Rc5 Rd1+ 49. Kc2 Rd2+ 50. Kc1 {Game drawn by mutual agreement}
1/2-1/2

[Event "Team 45 45 League T67"]
[Site "Internet Chess Club"]
[Date "2016.01.12"]
[Round "5"]
[White "elmaestro"]
[Black "NAS"]
[Result "1/2-1/2"]
[WhiteElo "1739"]
[BlackElo "1703"]
[Opening "Queen's pawn game"]
[ECO "A45"]
[Time "12:01:39"]
[TimeControl "2700+45"]

1. d4 Nf6 2. e3 g6 3. Bd3 Bg7 4. f4 d6 5. Nf3 O-O 6. O-O Nbd7 7. Nbd2 e5 8. f5
Re8 9. e4 exd4 10. fxg6 hxg6 11. Ng5 Ne5 12. Nc4 Nxd3 13. cxd3 d5 14. exd5 Qxd5
15. Bf4 Bg4 16. Nf3 c5 17. Qd2 Nh5 18. Bh6 Bh8 19. Qg5 Bxf3 20. Rxf3 Qxg5 21.
Bxg5 Re6 22. Raf1 f6 23. Bd2 Rf8 24. g4 Ng7 25. Bh6 Rf7 26. Nd2 Ne8 27. Ne4 Nd6
28. Nxc5 Re2 29. R3f2 Ree7 30. Nb3 f5 31. Bg5 Re8 32. Bf4 Nc8 {Game drawn by
mutual agreement} 1/2-1/2

[Event "Team 45 45 League T67"]
[Site "Internet Chess Club"]
[Date "2016.01.10"]
[Round "5"]
[White "drbishop"]
[Black "pishd"]
[Result "0-1"]
[WhiteElo "1771"]
[BlackElo "1863"]
[Opening "QGD semi-Slav: Chigorin defense"]
[ECO "D46"]
[Time "09:07:23"]
[TimeControl "2700+45"]

1. d4 Nf6 2. c4 e6 3. Nf3 d5 4. e3 c6 5. Bd3 Nbd7 6. Nc3 Bd6 7. O-O dxc4 8. Bxc4
b5 9. Be2 b4 10. Nb1 Bb7 11. Nbd2 O-O 12. Nc4 Be7 13. Bd2 c5 14. Nfe5 Nxe5 15.
dxe5 Nd7 16. Bf3 Bxf3 17. gxf3 Qc7 18. f4 f6 19. Qg4 Qc6 20. Rad1 fxe5 21. fxe5
Rf5 22. f4 Rd8 23. Rf2 Qe4 24. Rg2 g6 25. b3 Nb6 26. Nxb6 axb6 27. Bc1 Rd5 28.
Rxd5 exd5 29. h4 Kf7 30. Kh2 d4 31. exd4 cxd4 32. Re2 Qb1 33. e6+ Kg8 34. Bb2
Qf1 35. Qg2 Qxg2+ 36. Kxg2 Rxf4 37. Kg3 Rxh4 38. Rc2 Re4 39. Rc8+ Kg7 40. Rc4
Bc5 41. Kf3 Rh4 42. Kg3 g5 43. Bc1 h6 44. Kf3 Kf6 45. Rc2 d3 46. e7 Kxe7 47. Rd2
Rf4+ 48. Kg3 Be3 49. Rd1 Bxc1 50. Rxc1 Kd6 51. Rd1 Rd4 52. Kf3 d2 53. Ke2 Ke5
54. Kf3 h5 55. Ke3 g4 {White resigns} 0-1

[Event "Team 45 45 League T67"]
[Site "Internet Chess Club"]
[Date "2016.01.09"]
[Round "5"]
[White "Percival"]
[Black "ArturitoGalacti"]
[Result "1/2-1/2"]
[WhiteElo "2079"]
[BlackElo "1901"]
[Opening "QGD Slav defense: exchange variation"]
[ECO "D10"]
[Time "20:02:20"]
[TimeControl "2700+45"]

1. d4 d5 2. c4 c6 3. cxd5 cxd5 4. Nc3 Nf6 5. Bf4 Bf5 6. Qb3 Qd7 7. Bxb8 Rxb8 8.
e4 Qe6 9. Bb5+ Kd8 10. e5 Ne4 11. Nge2 a6 12. Nf4 Qb6 13. Qxd5+ Nd6 14. exd6 e6
15. Qc5 Qxd6 16. Qxd6+ Bxd6 17. Nxe6+ Bxe6 18. Bd3 Rc8 19. O-O Bc4 20. Rfd1 Bxd3
21. Rxd3 Kd7 22. a3 Rc4 23. Re1 Re8 24. Rxe8 Kxe8 25. Kf1 b5 26. Ke2 b4 27. axb4
Rxb4 28. Nd1 Kd7 29. Kd2 Bxh2 30. g3 h5 31. Ke2 h4 32. Kf1 hxg3 33. fxg3 Bxg3
34. Rxg3 Rxd4 35. Ke2 g6 36. Ra3 Rd6 37. Nf2 Rb6 38. Nd3 Ke6 39. Rxa6 Rxa6 40.
Nc5+ Kd5 41. Nxa6 Kc4 42. Kd2 Kb3 43. Kc1 g5 44. Nc5+ Kc4 45. Ne4 g4 46. Ng3 Kb3
47. Kb1 f6 48. Kc1 Kc4 49. Kc2 Kd4 50. b3 Ke5 51. b4 f5 52. b5 f4 53. Ne2 f3 54.
Ng3 Kf4 55. b6 Kxg3 56. b7 f2 57. b8=Q+ Kg2 58. Qb7+ Kg1 59. Qb6 g3 60. Kd2 Kg2
61. Qc6+ Kg1 62. Qc5 Kg2 63. Qd5+ Kg1 64. Qd4 Kg2 65. Qe4+ Kg1 66. Qe3 Kg2 67.
Qe4+ Kg1 68. Qe3 Kg2 69. Qe4+ Kg1 {Game drawn by repetition} 1/2-1/2

[Event "Team 45 45 League T67"]
[Site "Internet Chess Club"]
[Date "2016.01.07"]
[Round "5"]
[White "cysk"]
[Black "kidcobra"]
[Result "1/2-1/2"]
[WhiteElo "1809"]
[BlackElo "1858"]
[Opening "Sicilian: closed"]
[ECO "B23"]
[Time "19:10:35"]
[TimeControl "2700+45"]

1. e4 c5 2. Nc3 g6 3. f4 Bg7 4. Nf3 Nc6 5. Bb5 Nd4 6. Bc4 e6 7. e5 d5 8. exd6
Qxd6 9. d3 Ne7 10. O-O O-O 11. Ne4 Qc7 12. Be3 Nef5 13. Bf2 b6 14. c3 Nxf3+ 15.
Qxf3 Bb7 16. Qe2 h5 17. a4 Bd5 18. Rad1 Bxc4 19. dxc4 Qc6 20. a5 Rad8 21. axb6
axb6 22. b4 Nd6 23. Nxd6 Rxd6 24. Rxd6 Qxd6 25. bxc5 bxc5 26. Qe3 Rd8 27. g3 Qd3
28. Qxd3 Rxd3 29. Rc1 Bf8 30. Kf1 Rd2 31. Ke1 Ra2 32. Rb1 Ra4 33. Kd2 Rxc4 34.
Rb8 Kg7 35. Rb5 Ra4 36. Bxc5 Ra2+ 37. Ke3 Rxh2 38. Bd4+ {Game drawn by mutual
agreement} 1/2-1/2

[Event "Team 45 45 League T67"]
[Site "Internet Chess Club"]
[Date "2016.01.11"]
[Round "5"]
[White "zap2"]
[Black "sockbuf"]
[Result "0-1"]
[WhiteElo "1767"]
[BlackElo "1799"]
[Opening "Benko's opening"]
[ECO "A00"]
[Time "14:47:42"]
[TimeControl "2700+45"]

1. g3 d5 2. Bg2 Nf6 3. Nf3 e6 4. d3 c5 5. Nbd2 Nc6 6. O-O Be7 7. e4 O-O 8. c3 b5
9. e5 Nd7 10. Re1 a5 11. h4 b4 12. Nf1 bxc3 13. bxc3 Rb8 14. N1h2 Ba6 15. h5 h6
16. Ng4 Re8 17. Bh3 Bf8 18. Nh4 Qb6 19. Qf3 Qb5 20. Bf1 d4 21. c4 Qa4 22. Bf4
Rb2 23. Re2 Reb8 24. Ng6 fxg6 25. hxg6 Rxe2 26. Bxe2 Bb7 27. Bd1 Nd8 28. Nxh6+
gxh6 29. Qh5 Qc6 30. f3 Bg7 31. Bxh6 Bxh6 32. Qxh6 Nf8 33. Rb1 Qd7 34. Rb5 Qg7
35. Qxg7+ Kxg7 36. Rxa5 Kxg6 37. Rxc5 Nd7 38. Rb5 Bc6 39. Rxb8 Nxb8 40. Kf2 Nb7
41. f4 Nc5 42. Bc2 Ba4 43. Bxa4 Nxa4 44. Kf3 Nc5 45. g4 Nbd7 46. a4 Nb6 47. a5
Nc8 48. a6 Na7 49. Ke2 Nxa6 50. Kf3 Nc5 51. f5+ exf5 52. e6 fxg4+ 53. Kf4 g3 54.
Kxg3 Nxd3 55. Kf3 Nc6 56. Ke4 Nde5 57. e7 Kf7 58. c5 Kxe7 59. Kf4 Kf6 60. Ke4
Ke6 61. Kf4 Kd5 62. Kg3 Kxc5 63. Kf2 Kc4 64. Ke2 Kc3 65. Kd1 Kd3 {White resigns}
0-1

[Event "Team 45 45 League T67"]
[Site "Internet Chess Club"]
[Date "2016.01.09"]
[Round "5"]
[White "chess09"]
[Black "Ptzz"]
[Result "0-1"]
[WhiteElo "1867"]
[BlackElo "2048"]
[Opening "Benkö gambit accepted"]
[ECO "A58"]
[Time "11:00:09"]
[TimeControl "2700+45"]

1. d4 Nf6 2. c4 c5 3. d5 b5 4. cxb5 a6 5. bxa6 g6 6. Nc3 Bg7 7. e4 d6 8. Nf3 O-O
9. Bd3 Nxa6 10. O-O Qa5 11. Bd2 Nb4 12. Bc4 Ba6 13. Bxa6 Qxa6 14. a4 Rfb8 15. b3
Qd3 16. Qb1 Qa6 17. Ra3 Nd7 18. Rd1 c4 19. bxc4 Qxc4 20. Qb3 Qxb3 21. Rxb3 Nc5
22. Rbb1 Nc2 23. Rxb8+ Rxb8 24. Rc1 Rb2 25. a5 Na3 26. Nd1 Ra2 27. Be3 h6 28.
Kf1 Nxe4 29. a6 Nc2 30. Rb1 Nxe3+ 31. fxe3 Rxa6 32. Rb8+ Kh7 33. Rb7 Bf6 34. g4
Ra1 35. Ke2 Ra2+ 36. Kf1 Ra1 37. Ke2 Ra2+ 38. Kf1 Kg7 39. h3 Ra1 40. Ke2 Ra2+
41. Ke1 Ng3 42. Ng1 Rg2 {White resigns} 0-1

[Event "Team 45 45 League T67"]
[Site "Internet Chess Club"]
[Date "2016.01.10"]
[Round "5"]
[White "Berke"]
[Black "Tobiasdelmonte"]
[Result "0-1"]
[WhiteElo "1562"]
[BlackElo "1791"]
[Opening "Petrov: modern attack, Symmetrical variation"]
[ECO "C43"]
[Time "15:19:01"]
[TimeControl "2700+45"]

1. e4 e5 2. Nf3 Nf6 3. d4 Nxe4 4. dxe5 Be7 5. Qd5 Ng5 6. Bxg5 Bxg5 7. Bc4 O-O 8.
O-O c6 9. Qd1 d5 10. Bd3 Bg4 11. Re1 Bh6 12. h3 Bh5 13. c3 Nd7 14. Qe2 Nc5 15.
b4 Ne6 16. g3 Ng5 17. Bxh7+ Kxh7 {White resigns} 0-1

[Event "Team 45 45 League T67"]
[Site "Internet Chess Club"]
[Date "2016.01.10"]
[Round "5"]
[White "junard"]
[Black "frontier"]
[Result "1-0"]
[WhiteElo "1999"]
[BlackElo "1931"]
[Opening "Dutch defense"]
[ECO "A81"]
[Time "06:36:14"]
[TimeControl "2700+45"]

1. d4 f5 2. g3 Nf6 3. Bg2 e6 4. Nf3 d5 5. O-O Bd6 6. c4 c6 7. Qd3 O-O 8. Nc3 Ne4
9. Nd2 Qe7 10. f3 Nxd2 11. Bxd2 b6 12. b3 Bb7 13. e4 c5 14. e5 Bc7 15. cxd5 exd5
16. f4 Qe6 17. dxc5 Rd8 18. Nb5 Na6 19. Nd4 Qe8 20. c6 Nc5 21. Qxf5 Ba6 22. Rf3
Bc8 23. Qc2 a6 24. Re3 g6 25. Ree1 Ne6 26. Be3 b5 27. Rad1 Ba5 28. Rf1 Bb6 29.
Kh1 Nc5 30. b4 Na4 31. Qb3 Bxd4 32. Bxd5+ Kg7 33. Bxd4 Rxd5 34. Qxd5 Be6 35. Qg2
Rc8 36. g4 Rxc6 37. f5 Bc4 38. e6+ Kg8 39. Qe4 Qa8 40. Kg1 {Black resigns} 1-0

[Event "Team 45 45 League T67"]
[Site "Internet Chess Club"]
[Date "2016.01.10"]
[Round "5"]
[White "LittleButton"]
[Black "ChessRooklift"]
[Result "1-0"]
[WhiteElo "1895"]
[BlackElo "1851"]
[Opening "Dutch"]
[ECO "A80"]
[Time "12:04:50"]
[TimeControl "2700+45"]

1. d4 f5 2. Nc3 d5 3. Bf4 Nf6 4. e3 e6 5. Bd3 c6 6. Nf3 Be7 7. h3 O-O 8. O-O Qe8
9. Ne2 Ne4 10. Bh2 Nd7 11. Nf4 Ndf6 12. c4 g5 13. Ne2 Qh5 14. cxd5 g4 15. hxg4
Nxg4 16. Nf4 Qh6 17. dxc6 Bd6 18. Qc2 Ng5 19. Bg3 Nxf3+ 20. gxf3 Nf6 21. Kg2
Bxf4 22. Bxf4 Qh5 23. Rh1 Qg6+ 24. Kf1 Kf7 25. cxb7 Bxb7 26. Qc7+ Kg8 27. Rg1
Ng4 28. Rxg4 {Black resigns} 1-0

[Event "Team 45 45 League T67"]
[Site "Internet Chess Club"]
[Date "2016.01.09"]
[Round "5"]
[White "laurenpar"]
[Black "diegoami"]
[Result "1-0"]
[WhiteElo "1958"]
[BlackElo "1737"]
[Opening "Réti opening"]
[ECO "A04"]
[Time "02:00:14"]
[TimeControl "2700+45"]

1. Nf3 c5 2. g3 Nf6 3. Bg2 d5 4. c4 e6 5. O-O Bd6 6. d4 O-O 7. cxd5 Nxd5 8. e4
Nb6 9. e5 Be7 10. dxc5 Qxd1 11. Rxd1 Bxc5 12. Nc3 Nc6 13. Ne4 Be7 14. b3 Nd5 15.
Bb2 b6 16. Rac1 Bb7 17. a3 Rfd8 18. Nfd2 Nc7 19. Nd6 Bxd6 20. Bxc6 Bxc6 21. Rxc6
{Black resigns} 1-0

[Event "Team 45 45 League T67"]
[Site "Internet Chess Club"]
[Date "2016.01.11"]
[Round "5"]
[White "tightfist"]
[Black "gera-carp75"]
[Result "0-1"]
[WhiteElo "1678"]
[BlackElo "1879"]
[Opening "Sicilian defense"]
[ECO "B40"]
[Time "17:04:06"]
[TimeControl "2700+45"]

1. Nf3 c5 2. e4 e6 3. c4 Nc6 4. d3 d6 5. Be2 Be7 6. O-O Bf6 7. Nc3 Nge7 8. Bg5
Nd4 9. Bxf6 gxf6 10. Nxd4 cxd4 11. Nb5 e5 12. Qd2 a6 13. Na3 Ng6 14. b4 h5 15.
Rfc1 Be6 16. c5 Ke7 17. cxd6+ Qxd6 18. Nc4 Bxc4 19. Rxc4 b5 20. Rc5 Rac8 21.
Rxc8 Rxc8 22. Bxh5 Nf4 23. Bd1 Rc3 24. a3 Qc6 25. g3 Nxd3 26. f3 Nc1 27. h4 Nb3
28. Bxb3 Rxb3 29. Kg2 Rc3 30. Ra2 d3 31. h5 Rc2 32. Rxc2 Qxc2 33. Qf2 Kf8 34. g4
d2 35. h6 d1=Q 36. h7 Kg7 37. Kg3 Qxf2+ 38. Kh3 Qdf1# {White checkmated} 0-1

[Event "Team 45 45 League T67"]
[Site "Internet Chess Club"]
[Date "2016.01.12"]
[Round "5"]
[White "Intemperate"]
[Black "Setne"]
[Result "1-0"]
[WhiteElo "2139"]
[BlackElo "2269"]
[Opening "Dutch defense"]
[ECO "A81"]
[Time "09:18:40"]
[TimeControl "2700+45"]

1. d4 f5 2. g3 Nf6 3. Bg2 g6 4. b3 Bg7 5. Bb2 O-O 6. c4 d6 7. Nf3 Ne4 8. Nbd2
Nc6 9. O-O Nxd2 10. Qxd2 e5 11. d5 Nb8 12. Ne1 f4 13. f3 g5 14. e4 h5 15. Nd3
Bh6 16. c5 a5 17. a3 Qf6 18. gxf4 gxf4 19. Kh1 Kh7 20. Rg1 Rg8 21. cxd6 cxd6 22.
Rac1 b6 23. Rc7+ Bg7 24. Rxc8 Rxc8 25. Bh3 Rd8 26. Bf5+ Kh8 27. Rg6 Qh4 28. Nxf4
Ra7 29. Ne6 Rdd7 30. Nxg7 Rxg7 31. Qh6+ Kg8 32. Be6+ Kf8 33. Qh8+ {Black
resigns} 1-0

[Event "Team 45 45 League T67"]
[Site "Internet Chess Club"]
[Date "2016.01.10"]
[Round "5"]
[White "Agarnez"]
[Black "NFork"]
[Result "1/2-1/2"]
[WhiteElo "2039"]
[BlackElo "2108"]
[Opening "QGD: Ragozin variation"]
[ECO "D38"]
[Time "14:20:29"]
[TimeControl "2700+45"]

1. d4 Nf6 2. c4 e6 3. Nf3 d5 4. Nc3 Bb4 5. Qa4+ Nc6 6. a3 Bxc3+ 7. bxc3 Ne4 8.
Qc2 O-O 9. e3 f5 10. cxd5 exd5 11. c4 Be6 12. cxd5 Qxd5 13. Bd3 Qa5+ 14. Bd2
Nxd2 15. Qxd2 Qxd2+ 16. Nxd2 Bd5 17. Bc4 Ne7 18. O-O Rad8 19. Rab1 b6 20. Rfc1
Kh8 21. Bxd5 Nxd5 22. Nf3 Rd6 23. h4 g6 24. g3 Re6 25. Kg2 Kg7 26. Rb5 Rd8 27.
h5 Kf6 28. hxg6 hxg6 29. Rh1 a6 30. Rbb1 Re7 31. Rbc1 Rg7 32. Rc6+ Rd6 33. Rhc1
Ke7 34. Ne5 g5 35. g4 Ke6 36. Rxd6+ cxd6 37. Rc6 Rc7 38. gxf5+ Ke7 39. Rxc7+
Nxc7 40. Nd3 Kf6 41. Kf3 Kxf5 42. e4+ Kg6 43. a4 a5 44. Ke3 b5 45. axb5 Nxb5 46.
Nb2 d5 47. exd5 Nc3 48. Kd3 Nxd5 49. Kc4 Nf4 50. Kb5 Kf5 51. f3 Ne2 52. Kc5 Ng1
53. Nc4 Nxf3 54. d5 Kf6 55. Nxa5 Ne5 56. Kd4 g4 57. Nb3 Kf5 58. Ke3 Nc4+ 59. Kf2
Kf4 60. Nc1 g3+ 61. Kg1 Ke5 {Game drawn by mutual agreement} 1/2-1/2

[Event "Team 45 45 League T67"]
[Site "Internet Chess Club"]
[Date "2016.01.07"]
[Round "5"]
[White "gtmorton"]
[Black "Pomberito"]
[Result "1-0"]
[WhiteElo "2082"]
[BlackElo "1993"]
[Opening "Queen's pawn"]
[ECO "A40"]
[Time "20:00:38"]
[TimeControl "2700+45"]

1. d4 e6 2. Nf3 b6 3. e4 Bb7 4. Bd3 Nf6 5. e5 Nd5 6. c3 c5 7. O-O Nc6 8. Nbd2 f5
9. exf6 Nxf6 10. Re1 Be7 11. Ne4 O-O 12. h3 cxd4 13. cxd4 Nb4 14. Bb1 Rc8 15. a3
Nbd5 16. Bg5 Nxe4 17. Bxe7 Nxf2 18. Bxh7+ Kh8 19. Bxd8 Nxd1 20. Be4 Nxb2 21. Bg5
Nc4 22. Nh4 Kg8 23. Ng6 Rf7 24. Bxd5 Bxd5 25. Ne7+ Rxe7 26. Bxe7 Re8 27. Bg5 Nd6
28. g4 Rc8 29. Rac1 Rxc1 30. Rxc1 Nb5 31. Be3 Nxa3 32. Rc7 Nc4 33. Kf2 a5 34.
Rxd7 a4 35. Ra7 b5 36. Bc1 Nd6 37. Ba3 Nb7 38. h4 Nd8 39. Ke3 Nc6 40. Ra8+ Kh7
41. Bf8 b4 42. Rxa4 b3 43. Ba3 e5 44. dxe5 Nxe5 45. Kd4 Bc6 46. Ra6 Nf3+ 47. Ke3
Bd5 48. h5 Ng5 49. Ra5 {Black resigns} 1-0

[Event "Team 45 45 League T67"]
[Site "Internet Chess Club"]
[Date "2016.01.09"]
[Round "5"]
[White "Axagus"]
[Black "Gilligan"]
[Result "1-0"]
[WhiteElo "1744"]
[BlackElo "1955"]
[Opening "Dutch with c4 & Nc3"]
[ECO "A85"]
[Time "12:00:35"]
[TimeControl "2700+45"]

1. d4 f5 2. c4 Nf6 3. Nc3 g6 4. g3 Bg7 5. Bg2 O-O 6. e4 fxe4 7. Nxe4 Nxe4 8.
Bxe4 d6 9. Bg5 Nc6 10. Ne2 Bg4 11. Be3 e5 12. d5 Nd4 13. Bxd4 exd4 14. h3 Qf6
15. f4 Bxe2 16. Kxe2 d3+ 17. Qxd3 Qxb2+ 18. Kf3 Qxa1 19. Rxa1 Bxa1 20. h4 Rae8
21. h5 Re7 22. hxg6 hxg6 23. Bxg6 Kg7 24. g4 b6 25. g5 Bd4 26. Be4 Bc5 27. f5
Re5 28. f6+ Kh8 29. Kg4 Rfe8 30. Qh3+ Kg8 31. Qh7+ {Black resigns} 1-0

[Event "Team 45 45 League T67"]
[Site "Internet Chess Club"]
[Date "2016.01.11"]
[Round "5"]
[White "xwang1"]
[Black "f5"]
[Result "1/2-1/2"]
[WhiteElo "2069"]
[BlackElo "2024"]
[Opening "Sicilian: Pelikan, Chelyabinsk variation"]
[ECO "B33"]
[Time "22:01:16"]
[TimeControl "2700+45"]

1. e4 c5 2. Nf3 Nc6 3. d4 cxd4 4. Nxd4 Nf6 5. Nc3 e5 6. Ndb5 d6 7. Bg5 a6 8. Na3
b5 9. Nd5 Be7 10. Bxf6 Bxf6 11. c3 Bg5 12. Nc2 Rb8 13. a4 bxa4 14. Ncb4 Bd7 15.
Bxa6 Nxb4 16. Nxb4 O-O 17. O-O Be7 18. Bc4 Kh8 19. Qe2 g6 20. Rfd1 Qe8 21. Nd5
f5 22. Nxe7 Qxe7 23. Qd2 Rb6 24. exf5 gxf5 25. Qe2 Qg7 26. Rd2 f4 27. f3 Bc6 28.
Rad1 e4 29. fxe4 f3 30. Qe3 Rbb8 31. Kh1 Rbe8 32. gxf3 Rxf3 33. Qxf3 Bxe4 34.
Qxe4 Rxe4 35. Rxd6 Re8 36. Bd5 a3 37. bxa3 Qxc3 38. Rg1 Qxa3 39. Re6 Rxe6 40.
Bxe6 Qf3+ 41. Rg2 h5 42. Bc4 h4 43. Be2 Qe3 44. h3 Qxh3+ 45. Rh2 Qg3 46. Bf1 Kh7
47. Rh3 Qf2 48. Bg2 Qe1+ 49. Kh2 Kh6 50. Rf3 Kg5 51. Rh3 Qe5+ 52. Kh1 Kg4 53.
Rf3 Qe1+ 54. Kh2 Qe2 55. Rh3 Qe5+ 56. Kh1 Qd6 57. Rf3 Qe5 58. Rh3 Qa1+ 59. Kh2
Qe5+ 60. Kh1 Qe1+ 61. Kh2 {Game drawn by mutual agreement} 1/2-1/2

[Event "Team 45 45 League T67"]
[Site "Internet Chess Club"]
[Date "2016.01.09"]
[Round "5"]
[White "PoisonPawn"]
[Black "chessfunblast"]
[Result "1-0"]
[WhiteElo "2189"]
[BlackElo "1920"]
[Opening "Evans gambit: 5...Be7"]
[ECO "C51"]
[Time "17:19:39"]
[TimeControl "2700+45"]

1. e4 e5 2. Nf3 Nc6 3. Bc4 Bc5 4. b4 Bxb4 5. c3 Be7 6. d4 d6 7. dxe5 dxe5 8. Qb3
Nf6 9. Bxf7+ Kf8 10. Ng5 g6 11. Bxg6 Nd5 12. Nf7 Na5 13. Bh6+ Kg8 14. Nxd8 Nxb3
{Black resigns} 1-0